 Dungeon Crawl Stone Soup version 0.18-a0-1392-g59a4c01 (webtiles) character file.

53 Oddball22 the Caller (level 3, 0/21 HPs)
             Began as an Octopode Summoner on Feb 23, 2016.
             Slain by Reinor's ghost (7 damage)
             ... on level 3 of the Dungeon.
             The game lasted 00:05:43 (2126 turns).

Oddball22 the Caller (Octopode Summoner)            Turns: 2126, Time: 00:05:43

Health: 0/21       AC:  1    Str:  7    XL:     3   Next: 89%
Magic:  1/7        EV: 12    Int: 18    God:
Gold:   111        SH:  0    Dex: 12    Spells: 3 memorised, 1 level left

rFire  + . .     SeeInvis .     c - +3 short sword
rCold  . . .     Gourm    .     (no shield)
rNeg   . . .     Faith    .     (helmet restricted)
rPois  .         Spirit   .     (no amulet)
rElec  .         Dismiss  .     q - ring of protection from fire
rCorr  .         Reflect  .     (no ring)
SustAt .         Harm     .     (no ring)
MR     .....                    (no ring)
Stlth  ++++......               (no ring)
                                (no ring)
                                (no ring)
                                (no ring)

@: not resistant to hostile enchantments, stealthy
A: almost no armour, amphibious, 8 rings, constrict 8, camouflage 1, gelatinous
body 1
a: no special abilities


You were on level 3 of the Dungeon.
You were not hungry.

You visited 1 branch of the dungeon, and saw 3 of its levels.

You collected 111 gold pieces.

Inventory:

Hand Weapons
 c - a +3 short sword (weapon)
 h - a +2 short sword of venom
Missiles
 d - 8 tomahawks (quivered)
Jewellery
 q - a ring of protection from fire (left tentacle)
Scrolls
 e - a scroll of remove curse {unknown}
 j - a scroll of enchant armour {unknown}
 k - 2 scrolls of blinking {unknown}
 l - a scroll of teleportation {unknown}
 m - a scroll of fear {unknown}
 n - 2 scrolls of identify
Potions
 f - a potion of degeneration {unknown}
 o - a potion of brilliance {unknown}
 p - a potion of curing {unknown}
 r - a potion of cancellation {unknown}
Books
 a - a book of Callings

   Spells                             Type                      Level
   a - Summon Small Mammal            Summoning                    1
   b - Call Imp                       Summoning                    2
   c - Call Canine Familiar           Summoning                    3
   d - Summon Guardian Golem          Hexes/Summoning              3
   e - Summon Lightning Spire         Summoning/Air                4
   f - Summon Ice Beast               Ice/Summoning                4
Comestibles
 b - 4 bread rations
 g - 3 chunks of flesh
 i - 5 fruits


   Skills:
 - Level 2.0 Dodging
 + Level 3.6 Stealth
 * Level 2.9 Spellcasting
 + Level 4.4 Summonings


You had one spell level left.
You knew the following spells:

 Your Spells              Type           Power        Failure   Level  Hunger
a - Summon Small Mammal   Summ           ###.         2%          1    None
b - Call Imp              Summ           ###.....     4%          2    ##.....
c - Call Canine Familiar  Summ           ###.....     10%         3    ###....


Dungeon Overview and Level Annotations

Branches:
Dungeon (3/15)

Altars:
Gozag
Makhleb
Trog

Annotations:
D:3 Reinor's ghost, amateur SpEE


Innate Abilities, Weirdness & Mutations

You cannot wear most types of armour.
You are amphibious.
You can wear up to eight rings at the same time.
You can use your tentacles to constrict eight enemies at once.
Your skin changes colour to match your surroundings (Stealth).
Your rubbery body absorbs attacks (AC +1).


Message History

Your hound barely misses Reinor's ghost.
Reinor's ghost turns its malevolent gaze towards you.
Your hound barely misses Reinor's ghost.
Your hound closely misses Reinor's ghost.
You closely miss Reinor's ghost.
Reinor's ghost is almost destroyed.
Reinor's ghost points at you and mumbles some strange words.
The rocky blast hits you!
Your hound closely misses Reinor's ghost.
You miss Reinor's ghost. Your squeeze misses Reinor's ghost.
Reinor's ghost is almost destroyed.
Your hound completely misses Reinor's ghost.
Reinor's ghost hits you!
Your hound closely misses Reinor's ghost.
Reinor's ghost closely misses you.
You barely miss Reinor's ghost. You squeeze Reinor's ghost.
Reinor's ghost is almost destroyed.
Your hound disappears in a puff of smoke!
Reinor's ghost hits you!
You die...

#..............#...
#.........##.....
#........)......
##.....#.###....
##........# ##...
#### #.........#
##..
.....###........[#
###
#...........#.#####
####@###..........#
.....§W.#
####.......#
......... #.......#
....5...##
######### ........#
.....!..# (<......#
........#


You could see Reinor's ghost and a friendly crimson imp.

Vanquished Creatures
  An ooze (D:2)
  3 giant geckos
  3 giant cockroaches (D:2)
  6 goblins
  2 hobgoblins (D:1)
  2 jackals (D:2)
  5 bats
  4 giant newts
  9 kobolds
  A rat (D:3)
36 creatures vanquished.

Vanquished Creatures (collateral kills)
  An adder (D:2)
  A dart slug (D:2)
  2 hobgoblins (D:1)
4 creatures vanquished.

Grand Total: 40 creatures vanquished

Notes
Turn   | Place    | Note
--------------------------------------------------------------
     0 | D:1      | Oddball22 the Octopode Summoner began the quest for the Orb.
     0 | D:1      | Reached XP level 1. HP: 11/11 MP: 3/3
   611 | D:1      | Reached XP level 2. HP: 17/17 MP: 3/5
   779 | D:1      | Learned a level 2 spell: Call Imp
  1231 | D:2      | Reached XP level 3. HP: 21/21 MP: 0/6
  1366 | D:2      | Learned a level 3 spell: Call Canine Familiar
  1407 | D:2      | Found a burning altar of Makhleb.
  1539 | D:2      | Found an opulent altar of Gozag.
  1593 | D:2      | Found a bloodstained altar of Trog.
  2075 | D:3      | Noticed Reinor's ghost (amateur SpEE)
  2126 | D:3      | Slain by Reinor's ghost

Vault maps used:
D:1:      tarquinn_simple_flora_water_d
D:2:      lemuel_doored_altar, bloody_makhleb, old_standard_altar
D:3:      ecumenical_altar_1

Skill      XL: |  1  2 |
---------------+-------+-----
Stealth        | 3 |  3.6
Dodging        | |  2.0
Spellcasting   | |  2.9
Summonings     | |  4.4

Action                   || total
-------------------------++-------
Melee: Short sword       ||    54
       Unarmed           ||     2
 Cast: Summon Small Mamm ||    11
       Call Imp          ||     6
       Call Canine Famil ||     1
  Use: Scroll            ||     1
 Stab: Sleeping          ||    13
  Eat: Chunk             ||     4
